 Dungeon Crawl Stone Soup version 0.29-a0-887-gcbe080d7e0 (webtiles) character file.

Game seed: 11474105913737745925

1636 kevlar127 the Grappler (level 8, 0/84 HPs)
             Began as a Troll Berserker on July 21, 2022.
             Was a Priest of Trog.
             Slain by a killer bee (1 damage)
             ... on level 7 of the Dungeon.
             The game lasted 00:10:06 (5539 turns).

kevlar127 the Grappler (Troll Berserker)            Turns: 5539, Time: 00:10:06

Health: 0/84       AC:  4    Str: 28    XL:     8   Next: 66%
Magic:  7/7        EV: 10    Int:  3    God:    Trog [***...]
Gold:   300        SH:  5    Dex:  9    Spells: 7/7 levels left

rFire   . . .      SeeInvis .     - Unarmed
rCold   . . .      Faith    .   (no shield)
rNeg    . . .      Spirit   .   a - +0 animal skin
rPois   .          Reflect  +   (helmet restricted)
rElec   .          Harm     .   (no cloak)
rCorr   .          Rampage  .   (gloves unavailable)
Will    .....                   (boots unavailable)
Stlth   +.........              q - amulet of reflection
HPRegen 1.04/turn               (no ring)
MPRegen 0.10/turn               (no ring)

@: lethally poisoned (0 -> -4), on berserk cooldown, slowed, very slow
A: large, unfitting armour, claws 3, regeneration 1, shaggy fur 1, tough skin 1
a: Renounce Religion, Berserk, Trog's Hand


You were on level 7 of the Dungeon.
You worshipped Trog.
Trog was most pleased with you.
You visited 1 branch of the dungeon, and saw 7 of its levels.

You collected 300 gold pieces.

Inventory:

Missiles
 e - 69 stones (quivered)
 l - a throwing net
 v - 6 silver javelins
 A - 4 boomerangs
Armour
 a - a +0 animal skin (worn)
Jewellery
 j - an amulet of faith
 q - an amulet of reflection (around neck)
 C - a +6 ring of intelligence
 H - a ring of see invisible
Wands
 z - a wand of roots (12)
 E - a wand of paralysis (5)
Scrolls
 b - 2 scrolls of magic mapping {unknown}
 d - 3 scrolls of butterflies {unknown}
 f - 2 scrolls of silence {unknown}
 i - a scroll of immolation {unknown}
 k - 2 scrolls of blinking {unknown}
 m - 10 scrolls of identify {unknown}
 o - a scroll of torment {unknown}
 p - 2 scrolls of fear {unknown}
 u - a scroll of summoning {unknown}
 w - 5 scrolls of teleportation {unknown}
 y - a scroll of enchant weapon {unknown}
 B - a scroll of poison {unknown}
 G - a scroll of enchant armour {unknown}
Potions
 c - 3 potions of attraction {unknown}
 g - 2 potions of curing {unknown}
 h - 3 potions of heal wounds {unknown}
 n - 2 potions of berserk rage
 r - a potion of lignification {unknown}
 s - a potion of mutation {unknown}
 t - a potion of flight {unknown}
 x - a potion of haste {unknown}
 D - 3 potions of might {unknown}
 F - a potion of cancellation {unknown}


   Skills:
 + Level 6.7 Fighting
 + Level 1.7 Armour
 - Level 3.0 Dodging
 + Level 8.0 Unarmed Combat


You had 7 spell levels left.
You didn't know any spells.
Your spell library was empty.

Dungeon Overview and Level Annotations

Branches:
Dungeon (7/15)             Temple (0/1) D:6

Altars:
Dithmenos
Gozag
Kikubaaqudgha
Makhleb
Nemelex Xobeh
Wu Jian


Innate Abilities, Weirdness & Mutations

You are too large for most types of armour.
You have claws for hands.
Your natural rate of healing is unusually fast.
You are covered in fur. (AC +1)
You have tough skin. (AC +1)


Message History

Items here: )) [ †.
A killer bee is nearby!
A killer bee is nearby!
A killer bee is nearby!
The killer bee stings you. x2
You are poisoned.
The killer bee poisons you! The killer bee stings you!
* * * LOW HITPOINT WARNING * * *
The killer bee barely misses you. x2
The killer bee stings you but does no damage.
The killer bee stings you!
* * * LOW HITPOINT WARNING * * *
You are more poisoned.
The killer bee poisons you!
A killer bee comes into view.
The killer bee stings you but does no damage.
Items here: )) [ †.
You're still recovering from your berserk rage.
Unknown command.
The killer bee buzzes angrily.
You scratch the killer bee but do no damage.
You feel very sick.
You hear an angry buzzing noise.
The killer bee stings you but does no damage.
The killer bee stings you.
* * * LOW HITPOINT WARNING * * *
The killer bee barely misses you. x2
The killer bee stings you but does no damage.
The killer bee stings you.
* * * LOW HITPOINT WARNING * * *
You are more poisoned.
The killer bee poisons you! The killer bee barely misses you.
The killer bee stings you.
* * * LOW HITPOINT WARNING * * *
The killer bee misses you.
You barely miss the killer bee.
* * * LOW HITPOINT WARNING * * *
You feel very sick. The killer bee stings you.
You die...

.# .#.#.#.#.# ##.###
...# .. ...#...#.# #.#
#.#.#.. #.#.#.#.#
##.### ...
#.##...#...###..... .#
#.. ....#.#.#.##...###
...##.###.##...##....##
.#....†......#.##.#.##
.##.###y###.##....#.#
.....yyy@......#..#.#
#.###.###y###.#####.#
... ### #..# #.# .y.
#..# #.#


yyy## ...# #.# ##. ##.# #.# # .# .# You could see 5 killer bees.

Vanquished Creatures
  A sky beast (D:7)
  2 phantoms
  A bullfrog (D:6)
  3 necrophages
  A gnoll sergeant (D:6)
  A scorpion (D:5)
  4 killer bees (D:7)
  A gnoll bouda (D:7)
  3 hounds (D:5)
  A jelly (D:5)
  3 orc priests
  5 iguanas
  6 orc wizards
  A hound skeleton (D:5)
  15 gnolls
  5 adders
  A shadow imp (D:6)
  A white imp (D:5)
  3 worms
  A dart slug (D:5)
  18 orcs
  7 ball pythons
  3 bats
  7 endoplasms
  2 giant cockroaches
  9 goblins
  2 hobgoblins
  3 jackals (D:2)
  3 quokkas
  3 frilled lizards
  8 kobolds
  2 rats
126 creatures vanquished.

Vanquished Creatures (others)
  An orc wizard (D:4)
  A hobgoblin (D:4)
  5 plants (D:7)
7 creatures vanquished.

Grand Total: 133 creatures vanquished

Notes
Turn   | Place    | Note
-------+----------+-------------------------------------------
     0 | D:1      | kevlar127 the Troll Berserker began the quest for the Orb.
     0 | D:1      | Reached XP level 1. HP: 22/22 MP: 0/0
    82 | D:1      | Reached XP level 2. HP: 20/29 MP: 1/1
   969 | D:2      | Reached XP level 3. HP: 26/36 MP: 2/2
  1003 | D:2      | Reached ** piety under Trog
  1133 | D:2      | Reached XP level 4. HP: 45/45 MP: 3/3
  1379 | D:2      | Reached skill level 4 in Unarmed Combat
  1532 | D:3      | Found a faded altar of an unknown god.
  1834 | D:3      | Noticed a phantom
  1839 | D:3      | Killed a phantom
  1840 | D:3      | Reached XP level 5. HP: 52/54 MP: 4/4
  2216 | D:4      | You fall into a shaft and drop 1 floor!
  2216 | D:5      | Entered Level 5 of the Dungeon
  2245 | D:5      | Noticed a phantom
  2252 | D:5      | Killed a phantom
  2253 | D:5      | Reached skill level 5 in Unarmed Combat
  2253 | D:5      | Reached XP level 6. HP: 61/62 MP: 5/5
  3308 | D:5      | Identified the +8 mace "Puguosop" {venom, rF++ Int+3}
  3317 | D:5      | Reached XP level 7. HP: 71/71 MP: 6/6
  3384 | D:5      | Reached skill level 5 in Fighting
  3394 | D:5      | Reached skill level 6 in Unarmed Combat
  3572 | D:5      | Found a burning altar of Makhleb.
  3647 | D:5      | Found an ancient bone altar of Kikubaaqudgha.
  3781 | D:5      | Found a sparkling altar of Nemelex Xobeh.
  3784 | D:5      | Found an opulent altar of Gozag.
  3801 | D:5      | Found an ornate altar of the Wu Jian Council.
  4029 | D:6      | Reached skill level 7 in Unarmed Combat
  4053 | D:6      | Found a shadowy altar of Dithmenos.
  4075 | D:6      | Reached XP level 8. HP: 83/83 MP: 7/7
  4286 | D:6      | Reached *** piety under Trog
  4477 | D:6      | Found a staircase to the Ecumenical Temple.
  5507 | D:7      | Reached skill level 1 in Armour
  5528 | D:7      | Reached skill level 8 in Unarmed Combat
  5538 | D:7      | HP: 4/84 [killer bee (5)]
  5539 | D:7      | HP: 1/84 [poisoned by a killer bee]
  5539 | D:7      | Slain by a killer bee

Illustrated notes

Levels and vault maps discovered:
D:1:      scummos_arrival_star, layout_basic, serial_bayou_pond_d,
          dk_noncrumbling_2, minmay_crystal_room
D:2:      layout_basic, eino_tiny_chamber, minmay_close_crescents
D:3:      layout_loops_cross, shapermc_ecumenical_altar_acropolis,
          minmay_statues_item
D:4:      layout_loops_ring
D:5:      layout_cave_pools, makhleb_blood_cavern_becter,
          nicolae_overflow_quartered_altars
D:6:      layout_layer_cave, grunt_dithmenos_smoke,
          minmay_temple_entry_offerings, chequers_ossuary_entry_cave
D:7:      layout_loops_ring, nicolae_ru_the_path_less_chosen, serial_shops,
          nicolae_shop_waterfront, gammafunk_ghost_nasty_kobolds,
          hangedman_decor_diamond_cutter, nicolae_concentric_dashed_squares_mild

Skill      XL: |  1  2  3  4  5  6  7  8 |
---------------+-------------------------+-----
Fighting       | 3 4 5 6 |  6.7
Dodging        | 3 |  3.0
Unarmed Combat | 4 5 7 8 |  8.0
Armour         | 1 |  1.7

Action                   |  1- 3 |  4- 6 |  7- 9 || total
-------------------------+-------+-------+-------++-------
Melee: Unarmed           |    92 |   118 |   174 ||   384
       Punch             |     1 |     3 |     1 ||     5
Invok: Berserk           |     1 |       |     2 ||     3
       Trog's Hand       |       |       |     1 ||     1
  Use: Potion            |       |       |     1 ||     1
Armor: Animal skin       |    30 |    35 |    33 ||    98
Dodge: Dodged            |    44 |    34 |    84 ||   162
Block: Other             |       |    16 |    44 ||    60
       Reflection        |       |       |     3 ||     3

Table legend: (Time is in decaauts)
 A = Elapsed time spent in this place.
 B = Non-inter-level travel time spent in this place.
 C = Inter-level travel time spent in this place.
 D = Time resting spent in this place.
 E = Time spent auto-exploring this place.
 F = Levels seen in this place.
 G = Mean time per level.
                   A        B        C        D        E       F      G
               +--------+--------+--------+--------+--------+-----+--------+
         Total |   5530 |   5329 |    201 |    794 |   3752 |   7 |  790.0 |
       Dungeon |   5530 |   5329 |    201 |    794 |   3752 |   7 |  790.0 |
               +--------+--------+--------+--------+--------+-----+--------+

Top non-repeatable levels by time:
     D:6: 1354 daAuts
     D:5: 1046 daAuts
     D:1: 936 daAuts
     D:4: 877 daAuts
     D:3: 576 daAuts
     D:2: 574 daAuts
     D:7: 164 daAuts
